 Dungeon Crawl Stone Soup version 0.22-a0-142-g91cc6d7 (webtiles) character file.

9 mhoghedin the Magician (level 2, -3/24 HPs)
             Began as a Draconian Wizard on Feb 5, 2018.
             Killed from afar by a dart slug (6 damage)
             ... with a slug dart
             ... on level 1 of the Dungeon.
             The game lasted 00:00:37 (86 turns).

mhoghedin the Magician (Draconian Wizard)             Turns: 86, Time: 00:00:38

Health: -3/24      AC:  4    Str:  9    XL:     2   Next: 6%
Magic:  3/6        EV: 12    Int: 18    God:
Gold:   0          SH:  0    Dex:  9    Spells: 6/7 levels left

rFire    . . .     SeeInvis .   e - +0 mace
rCold    . . .     Gourm    .   (no shield)
rNeg     . . .     Faith    .   (armour unavailable)
rPois    .         Spirit   .   a - +0 hat
rElec    .         Reflect  .   (no cloak)
rCorr    .         Harm     .   (no gloves)
MR       .....                  (no boots)
Stlth    ++........             (no amulet)
HPRegen  0.08/turn              (no ring)
MPRegen  0.10/turn              (no ring)

@: very slightly contaminated
A: unfitting armour, cold-blooded, AC +4
a: no special abilities


You were on level 1 of the Dungeon.
You were not hungry.

You visited 1 branch of the dungeon, and saw 1 of its levels.

Inventory:

Hand Weapons
 e - a +0 mace (weapon)
   (You found it on level 1 of the Dungeon)
Armour
 a - a +0 hat (worn)
Scrolls
 d - a scroll of remove curse {unknown}
Books
 b - a book of Minor Magic
Comestibles
 c - a ration


   Skills:
 + Level 2.0 Fighting
 - Level 1.7 Dodging
 - Level 1.7 Stealth
 - Level 3.0 Spellcasting
 - Level 1.0 Conjurations
   Level 1.0 Summonings
   Level 1.0 Translocations


You had 6 spell levels left.
You knew the following spells:

 Your Spells              Type           Power        Failure   Level  Hunger
a - Magic Dart            Conj           #...         11%         1    None


Dungeon Overview and Level Annotations

Branches:
Dungeon (1/15)

Altars:


Innate Abilities, Weirdness & Mutations

Your plain brown scales are hard. (AC +4)
You cannot fit into any form of body armour.
You are cold-blooded and may be slowed by cold attacks.


Message History

No target in view!
No target in view!
Found a stone staircase leading down.
You found a teleport trap!
A kobold comes into view.
A kobold is nearby!
A bat, a jackal and a goblin come into view.
The jackal barks!
The goblin shouts!
The kobold shouts!
The bat hits you but does no damage. x2; The kobold throws a stone.
The stone closely misses you.
You closely miss the bat. The bat hits you but does no damage.
The kobold throws a stone.
The stone hits you but does no damage.
You hit the jackal. The bat closely misses you.
The jackal bites you but does no damage.
The jackal barely misses you.
A rat comes into view.
You hit the jackal.
You kill the jackal!
The goblin hits you with a club. The bat barely misses you.
You closely miss the goblin. The bat misses you.
The goblin hits you with a club. The goblin closely misses you.
A dart slug comes into view.
You take 6 damage, and have 10/16 hp.
MASSIVE DAMAGE!!
You see here a stone.
The bat barely misses you.
You barely miss the goblin. The goblin hits you but does no damage.
You hit the goblin. The goblin hits you with a club.
You take 3 damage, and have 7/16 hp.
You are too injured to fight recklessly!
You are too injured to fight recklessly!
You are too injured to fight recklessly!
You are too injured to fight recklessly!
You are too injured to fight recklessly!
You are too injured to fight recklessly!
You are too injured to fight recklessly!
You are too injured to fight recklessly!
You are too injured to fight recklessly!
You are too injured to fight recklessly!
You are too injured to fight recklessly!
You are too injured to fight recklessly!
You are too injured to fight recklessly!
You are too injured to fight recklessly!
You are too injured to fight recklessly!
You are too injured to fight recklessly!
You are too injured to fight recklessly!
You barely miss the goblin. The goblin closely misses you.
You hit the goblin.
You kill the goblin!
The bat closely misses you. The kobold hits you.
* * * LOW HITPOINT WARNING * * *
You take 2 damage, and have 5/17 hp.
You closely miss the kobold. The kobold misses you.
You miss the kobold.
Your tail-slap misses the kobold.
The kobold hits you but does no damage.
You closely miss the kobold. The kobold barely misses you. x2
You closely miss the kobold. The kobold closely misses you.
You hit the kobold but do no damage. The kobold hits you.
* * * LOW HITPOINT WARNING * * *
The kobold hits you.
* * * LOW HITPOINT WARNING * * *
You take 4 damage, and have 2/17 hp.
MASSIVE DAMAGE!!
Aim: a kobold The magic dart hits the kobold.
The kobold hits you but does no damage.
You now have 3/4 mp.
Aim: a kobold (moderately wounded)
The magic dart hits the kobold.
You kill the kobold!
You have reached level 2!
The bat misses you.
A dart slug comes into view.
You closely miss the rat.
Your tail-slap misses the rat.
The rat closely misses you. The rat bites you but does no damage.
You hit the rat.
You kill the rat!
Your Fighting skill increases to level 2!
The bat misses you.
Aim: a dart slug (clinging)
You miscast Magic Dart.
You are very lightly contaminated with residual magic.
Nothing appears to happen.
You now have 2/6 mp.
You hit the dart slug. The bat hits you.
* * * LOW HITPOINT WARNING * * *
The dart slug launches a dart at you. The slug dart misses you.
You take 1 damage, and have 2/24 hp.
You hit the dart slug. The bat hits you but does no damage.
You hit the dart slug. The bat hits you but does no damage.
The dart slug misses you.
You barely miss the dart slug. The bat barely misses you.
The bat closely misses you.
The dart slug bites you but does no damage.
You hit the dart slug but do no damage. The bat closely misses you.
The bat barely misses you. x2
The dart slug launches a dart at you. The slug dart hits you!
You die...

.# ## ##.. . #..#$# #
#..#. #w# ####### #...
?.
#.....#######.!#r##.#
#.....#...b@#........
##..........w#(#.....
#....>.......).w.....?
#.....#^######.#.##.#.
#.)...#.### #.#.#
#.........# #.# .
#...(.....# #.# ##
#.........# #.#
#.........# #.#


You could see a dart slug and a bat.

Vanquished Creatures
  An ooze (D:1)
  A goblin (D:1)
  A jackal (D:1)
  A kobold (D:1)
  A rat (D:1)
5 creatures vanquished.

Notes
Turn   | Place    | Note
-------+----------+-------------------------------------------
     0 | D:1      | mhoghedin the Draconian Wizard began the quest for the Orb.
     0 | D:1      | Reached XP level 1. HP: 14/14 MP: 4/4
    39 | D:1      | Reached skill level 1 in Fighting
    74 | D:1      | HP: 3/17 [kobold (3)]
    76 | D:1      | Reached XP level 2. HP: 3/24 MP: 3/6
    78 | D:1      | Reached skill level 2 in Fighting
    82 | D:1      | HP: 2/24 [bat (1)]
    86 | D:1      | Killed from afar by a dart slug

Vault maps used:
D:1:      saegor_arrival_under_anarchy, minmay_small_reverse_x

Skill      XL: |  1  2 |
---------------+-------+-----
Fighting       | 1 2 |  2.0
Dodging        | |  1.7
Stealth        | |  1.7
Spellcasting   | |  3.0
Conjurations   | |  1.0
Summonings     | |  1.0
Translocations | |  1.0

Action                   || total
-------------------------++-------
Melee: Mace              ||    25
 Cast: Magic Dart        ||     2
 Stab: Sleeping          ||     1
Armor: Skin              ||    12
Dodge: Dodged            ||    28

Table legend:
 A = Spawn XP
 B = Non-spawn XP
 C = Spawn XP percentage of total XP
 D = Spawn monster count
 E = Non-spawn monster count
 F = Spawn count percentage of total count
 G = Total turns spent on level
                    A         B        C        D         E        F      G
               +---------+---------+-------+---------+---------+-------+---------
         Total |       0 |      14 |   0.0 |       0 |       5 |   0.0 |    86
               +---------+---------+-------+---------+---------+-------+---------
           D:1 |       0 |      14 |   0.0 |       0 |       5 |   0.0 |    86
               +---------+---------+-------+---------+---------+-------+---------

Vault maps used:
D:1:      saegor_arrival_under_anarchy, minmay_small_reverse_x

Table legend:
 A = Turns spent in this place as a percentage of turns spent in the entire game.
 B = Non-inter-level travel turns spent in this place as a percentage of non-inter-level travel turns spent in the entire game.
 C = Inter-level travel turns spent in this place as a percentage of turns spent in this place.
 D = Turns resting spent in this place as a percentage of non-inter-level travel turns spent in this place.
 E = Turns spent auto-exploring this place as a percentage of non-inter-level travel turns spent in this place.
 F = Non-inter-level travel turns spent in this place divided by the number of levels of this place that you've seen.
                   A       B       C       D       E      F
               +-------+-------+-------+-------+-------+----------------------
         Total | 100.0 | 100.0 |   0.0 |   0.0 |  47.7 |  86.0
       Dungeon | 100.0 | 100.0 |   0.0 |   0.0 |  47.7 |  86.0
               +-------+-------+-------+-------+-------+----------------------

Table legend:
 A = Kills in this place as a percentage of kills in entire the game.
 B = Kills by you in this place as a percentage of kills by you in the entire game.
 C = Kills by friends in this place as a percentage of kills by friends in the entire game.
 D = Other kills in this place as a percentage of other kills in the entire game.
 E = Experience gained in this place as a percentage of experience gained in the entire game.
 F = Experience gained in this place divided by the number of levels of this place that you have seen.
                   A       B       C       D       E      F
               +-------+-------+-------+-------+-------+----------------------
         Total | 100.0 | 100.0 |   N/A |   N/A | 100.0 |  14.0
       Dungeon | 100.0 | 100.0 |   N/A |   N/A | 100.0 |  14.0
               +-------+-------+-------+-------+-------+----------------------
